 Dungeon Crawl Stone Soup version 0.28-a0-479-g5baa6b73be (webtiles) character file.

Game seed: 2220849545712880573

4393 robertstho the Thaumaturge (level 10, -2/69 HPs)
             Began as a Djinni Fire Elementalist on Sept 17, 2021.
             Was an Initiate of Gozag.
             Slain by a shadow (24 damage)
             ... on level 9 of the Dungeon.
             The game lasted 00:14:33 (10373 turns).

robertstho the Thaumaturge (DjFE)                  Turns: 10373, Time: 00:14:34

Health: -2/69      AC:  2    Str:  7    XL:     10   Next: 61%
Gold:   680        EV: 12    Int: 20    God:    Gozag SH:  0 Dex: 14

rFire   + + +      SeeInvis .   n - +2 spear (vamp)
rCold   x x .      Faith    .   (no shield)
rNeg    . . .      Spirit   .   a - +0 robe
rPois   ∞          Reflect  .   (no helmet)
rElec   .          Harm     .   x - scarf {repulsion}
rCorr   .          Rampage  .   (no gloves)
Will    +....                   (boots unavailable)
Stlth   ++........              (no amulet)
HPRegen 0.21/turn               h - ring of fire
MPRegen 0.00/turn               (no ring)

@: flying, repel missiles
A: sickness immunity, fire resistance 2, cold vulnerability 1, float, innate
caster, hp casting, extra vitality 1
a: Renounce Religion, Potion Petition, Call Merchant, Bribe Branch


You were on level 9 of the Dungeon.
You worshipped Gozag.
Gozag was pleased with you.
You visited 2 branches of the dungeon, and saw 10 of its levels.

You collected 764 gold pieces.
You paid 84 gold pieces to Gozag.

Inventory:

Hand Weapons
 m - a +2 dagger of protection
 n - a +2 vampiric spear (weapon)
 y - the +1 spear of Plunder {vorpal, rC+}
   (You found it on level 7 of the Dungeon)

   It inflicts extra damage upon your enemies.
   rC:        It protects you from cold.
Armour
 a - a +0 robe (worn)
 p - a +2 cloak
 x - a scarf of repulsion (worn)
Jewellery
 h - a ring of fire (left hand)
 u - a +6 ring of dexterity
 z - a ring of ice
Wands
 j - a wand of digging (9)
 t - a wand of flame (43)
Scrolls
 b - a scroll of fear
 f - a scroll of torment
 g - a scroll of fog
 i - a scroll of amnesia {unknown}
 k - a scroll of immolation {unknown}
 l - 2 scrolls of magic mapping {unknown}
 o - 3 scrolls of enchant weapon {unknown}
 r - a scroll of holy word
 s - a scroll of brand weapon
Potions
 c - 3 potions of haste
 d - a potion of cancellation {unknown}
 e - 2 potions of might {unknown}
 q - a potion of degeneration {unknown}
 v - 3 potions of flight {unknown}
 w - a potion of lignification


   Skills:
 * Level 4.7 Fighting
 + Level 0.3 Polearms
 + Level 2.8 Dodging
 + Level 2.9 Stealth
 * Level 10.6 Spellcasting


You had 8 spell levels left.
You knew the following spells:

 Your Spells              Type           Power      Damage    Failure   Level
a - Foxfire               Conj/Fire      100%       2x1d9     1%          1
b - Scorch                Fire           100%       2d10      1%          2
c - Conjure Flame         Conj/Fire      68%        6-21      1%          3
d - Inner Flame           Hex/Fire       68%        N/A       1%          3
e - Flame Wave            Conj/Fire      68%        3d12      1%          4
f - Shock                 Conj/Air       100%       1d9       1%          1
g - Passwall              Tmut/Erth      43%        N/A       1%          2
h - Lesser Beckoning      Tloc           52%        N/A       1%          3
i - Ignite Poison         Fire/Tmut/Pois 68%        N/A       1%          3
Your spell library was empty.

Dungeon Overview and Level Annotations

Branches:
Dungeon (9/15)             Temple (1/1) D:6
   Lair: D:8-11         Orc: D:9-12

Altars:
Ashenzari
Cheibriados
Dithmenos
Elyvilon
Fedhas
Gozag
Hepliaklqana
Kikubaaqudgha
Nemelex Xobeh
Okawaru
Qazlal
Sif Muna
Trog
Uskayaw
Vehumet
Wu Jian
Xom
Yredelemnul
Zin
The Shining One

Shops:
D:5 [

Annotations:
D:7 1 runed translucent door, frogsbabysitter's ghost, novice GnFi


Innate Abilities, Weirdness & Mutations

You are immune to sickness and miasma.
You are immune to poison.
Your flesh is very heat resistant. (rF++)
You are vulnerable to cold. (rC-)
You float through the air rather than walking.
You learn spells naturally, not from books.
Your magical power is your life essence.
You have superior vitality. (+4 HP)


Message History

Press: ? - help, Q - select action, (/) - cycle Dir - look around, f - activate You feel a surge of power!
You conjure some foxfire!
* * * LOW HITPOINT WARNING * * *
Your foxfire dissipates!
The howler monkey is distracted by your dazzling golden aura.
Casting: Foxfire (safe; 1% risk of failure)
Confirm with . or Enter, or press ? or * to list all spells.
You feel a surge of power!
Flames lash the howler monkey.
The howler monkey is no longer distracted by gold.
The howler monkey howls!
The howler monkey is almost dead.
The howler monkey's fire resistance burns away.
* * * LOW HITPOINT WARNING * * *
The foxfire hits the howler monkey!
The howler monkey is burned terribly!
You kill the howler monkey!
A shadow comes into view.
Casting: Foxfire (safe; 1% risk of failure)
Press: ? - help, Q - select action, (/) - cycle Dir - look around, f - activate You feel a surge of power!
You conjure some foxfire!
* * * LOW HITPOINT WARNING * * *
Unknown command.
Casting: Foxfire (safe; 1% risk of failure)
Press: ? - help, Q - select action, (/) - cycle Dir - look around, f - activate You feel a surge of power!
You conjure some foxfire!
* * * LOW HITPOINT WARNING * * *
The foxfire hits the shadow but does no damage.
Unknown command.
The foxfire hits the shadow.
The shadow is lightly damaged.
Things that are here:
17 gold pieces; a +0 hand axe; a +0 ring mail The shadow slips into darkness.
The shadow flickers and vanishes!
Deactivating autopickup; reactivate with Ctrl-A.
There is a stone staircase leading down here.
You see here 2 large rocks.
There is a stone staircase leading up here.
The shadow strikes at you from the darkness!
You die...
Your body crumbles into a pile of gold.

#.# .# ... .#
#.#
######.######
#.###........
..#
##.##.#.###.#
#.#.#
.....###....#
#.#.#
...##.#.##..#
#.#.#
W#####W###..#
#.#.# .# #.#
#..# #@#.# .#
#.# #..####.#.#
##
#.###....##(#.#
#.....>.......#
#####.##.######
#.....# ####..#
#..# ...#


There were no monsters in sight!

Vanquished Creatures
  A two-headed ogre (D:7)
  2 centaur zombies (D:5)
  Grinder (D:6)
  2 steam dragons
  Menkaure (D:7)
  4 water moccasins
  An ice beast (D:6)
  3 orc warriors
  2 black bears
  2 sky beasts
  2 ogres
  A centaur (D:6)
  A kobold brigand (D:6)
  A bullfrog (D:8)
  A water moccasin zombie (D:5)
  4 wights (D:7)
  2 howler monkeys
  A jelly (D:8)
  A gnoll shaman (D:3)
  A bullfrog zombie (D:5)
  7 orc priests
  A hound (D:7)
  2 bullfrog skeletons
  2 iguanas
  6 orc wizards
  A killer bee zombie (D:6)
  4 ogre zombies (D:9)
  7 gnolls
  12 adders
  2 shadow imps (D:7)
  A white imp (D:7)
  2 ufetubi
  5 dart slugs
  27 orcs
  12 ball pythons
  11 endoplasms
  3 giant cockroaches
  5 goblins
  8 hobgoblins
  3 jackals (D:1)
  7 kobolds
  2 quokkas
  4 bats
  7 frilled lizards
  A hobgoblin zombie (D:9)
  4 orc zombies (D:9)
  6 rats
186 creatures vanquished.

Vanquished Creatures (collateral kills)
  2 foxfires
2 creatures vanquished.

Vanquished Creatures (others)
  551 foxfires
  A plant (D:1)
552 creatures vanquished.

Grand Total: 740 creatures vanquished

Notes
Turn   | Place    | Note
-------+----------+-------------------------------------------
     0 | D:1      | robertstho the Djinni Fire Elementalist began the quest for
                  | the Orb.
     0 | D:1      | Reached XP level 1. HP: 15/15 MP: 0/0
   184 | D:1      | Reached XP level 2. HP: 8/21 MP: 0/0
   742 | D:1      | Reached skill level 3 in Spellcasting
   838 | D:1      | Reached XP level 3. HP: 19/25 MP: 0/0
   838 | D:1      | Learned a level 1 spell: Shock
  1924 | D:2      | Found a white marble altar of Elyvilon.
  2168 | D:2      | Reached XP level 4. HP: 27/31 MP: 0/0
  3441 | D:3      | Reached XP level 5. HP: 29/36 MP: 0/0
  3441 | D:3      | Learned a level 2 spell: Passwall
  3568 | D:3      | Reached skill level 4 in Spellcasting
  3747 | D:3      | Noticed a water moccasin
  3755 | D:3      | Killed a water moccasin
  3756 | D:3      | Reached skill level 1 in Fighting
  3756 | D:3      | Reached XP level 6. HP: 31/42 MP: 0/0
  4452 | D:3      | Reached skill level 5 in Spellcasting
  5085 | D:4      | Reached XP level 7. HP: 34/49 MP: 0/0
  5085 | D:4      | Learned a level 3 spell: Lesser Beckoning
  5565 | D:4      | Found a stormy altar of Qazlal.
  5856 | D:5      | Entered Level 5 of the Dungeon
  6027 | D:5      | Reached skill level 6 in Spellcasting
  6027 | D:5      | Reached XP level 8. HP: 35/55 MP: 0/0
  6705 | D:5      | Found Yfiul's Armour Boutique.
  6800 | D:6      | Reached skill level 7 in Spellcasting
  6991 | D:6      | Noticed Grinder
  7000 | D:6      | Killed Grinder
  7001 | D:6      | Reached XP level 9. HP: 39/61 MP: 0/0
  7001 | D:6      | Learned a level 3 spell: Ignite Poison
  7257 | D:6      | Reached skill level 8 in Spellcasting
  7446 | D:6      | Found a staircase to the Ecumenical Temple.
  7508 | Temple   | Entered the Ecumenical Temple
  7574 | Temple   | Became a worshipper of Gozag Ym Sagoz the Greedy
  7728 | D:6      | Found a glowing golden altar of the Shining One.
  7736 | D:6      | Found a bloodstained altar of Trog.
  8000 | D:6      | Found a sparkling altar of Nemelex Xobeh.
  8191 | D:7      | Noticed a two-headed ogre
  8198 | D:7      | Noticed Menkaure
  8199 | D:7      | Killed a two-headed ogre
  8200 | D:7      | Reached skill level 9 in Spellcasting
  8273 | D:7      | Reached XP level 10. HP: 52/67 MP: 0/0
  8676 | D:7      | Killed Menkaure
  8743 | D:7      | Identified the +1 spear of Plunder {vorpal, rC+}
  8808 | D:7      | Reached skill level 10 in Spellcasting
  8929 | D:7      | Found an iron altar of Okawaru.
  8929 | D:7      | Found a hide-covered altar of Uskayaw.
  8951 | D:7      | Found a runed translucent door.
  8955 | D:7      | Noticed frogsbabysitter's ghost (novice GnFi)
  9472 | D:8      | Found a flagged portal.
 10373 | D:9      | Slain by a shadow

Illustrated notes

Levels and vault maps discovered:
D:1:      giann_bridges, layout_basic, chequers_big_river, hex_intersection
D:2:      layout_loops_ring, basic_altar
D:3:      layout_basic
D:4:      layout_cave_pools, nicolae_qazlal_general_emergency,
          saegor_snake_ambush
D:5:      layout_basic, serial_shops, nicolae_shop_stone, hex_tiny,
          eino_curves_04
D:6:      layout_cave_pools, gammafunk_temple_overflow_forgotten,
          nemelex_dance_club_becter, minmay_temple_entry_proselytizer,
          uniq_grinder
D:7:      layout_cave_pools, gammafunk_temple_overflow_elements,
          gammafunk_ghost_grave, uniq_menkaure
D:8:      layout_loops_cross, enter_bailey_2
D:9:      layout_loops_ring, zombieorc2_lemuel, serial_glass, glass_columns_a,
          glass_columns_c, serial_shops, shop_fountains
Temple:   regret_index_temple_waves

Skill      XL: |  1  2  3  4  5  6  7  8  9 10 |
---------------+-------------------------------+-----
Spellcasting   | 3 4 5 6 7 9 10 | 10.6
Stealth        | 2 |  2.9
Fighting       | 1 2 3 4 |  4.7
Polearms       | |  0.3
Dodging        | |  2.8

Action                   |  1- 3 |  4- 6 |  7- 9 | 10-12 || total
-------------------------+-------+-------+-------+-------++-------
Melee: Unarmed           |     2 |       |       |       ||     2
       Dagger            |       |     2 |       |       ||     2
       Spear             |       |     4 |     1 |    12 ||    17
 Cast: Foxfire           |    80 |    26 |   133 |    79 ||   318
       Scorch            |       |    72 |    57 |    22 ||   151
       Flame Wave        |       |       |       |    13 ||    13
  Use: Scroll            |       |       |     4 |     4 ||     8
 Stab: Sleeping          |       |     2 |       |     1 ||     3
Armor: Robe              |     2 |     6 |    11 |     1 ||    20
Dodge: Dodged            |    11 |    20 |    19 |    13 ||    63

Table legend: (Time is in decaauts)
 A = Elapsed time spent in this place.
 B = Non-inter-level travel time spent in this place.
 C = Inter-level travel time spent in this place.
 D = Time resting spent in this place.
 E = Time spent auto-exploring this place.
 F = Levels seen in this place.
 G = Mean time per level.
                   A        B        C        D        E       F      G
               +--------+--------+--------+--------+--------+-----+--------+
         Total |  10373 |  10084 |    289 |    920 |   8012 |  10 | 1037.3 |
       Dungeon |  10281 |  10018 |    263 |    920 |   7958 |   9 | 1142.3 |
        Temple |     91 |     66 |     25 |      0 |     54 |   1 |   91.0 |
               +--------+--------+--------+--------+--------+-----+--------+

Top non-repeatable levels by time:
     D:1: 1861 daAuts
     D:3: 1682 daAuts
     D:2: 1318 daAuts
     D:5: 1304 daAuts
     D:8: 1146 daAuts
     D:4: 991 daAuts
     D:6: 990 daAuts
     D:7: 824 daAuts
     D:9: 162 daAuts
  Temple: 91 daAuts
